 Dungeon Crawl Stone Soup version 0.18-b1-2-gd0c887e (webtiles) character file.

46 ithil the Chopper (level 3, -5/30 HPs)
             Began as a Minotaur Gladiator on Apr 28, 2016.
             Slain by a gnoll
             ... wielding a +0 spear
              (7 damage)
             ... on level 2 of the Dungeon.
             The game lasted 00:10:22 (1395 turns).

ithil the Chopper (Minotaur Gladiator)              Turns: 1395, Time: 00:10:22

Health: -5/30      AC:  6    Str: 20    XL:     3   Next: 46%
Magic:  2/2        EV: 11    Int:  5    God:
Gold:   71         SH:  0    Dex: 10    Spells: 0 memorised, 2 levels left

rFire  . . .     SeeInvis .     a - +0 war axe
rCold  . . .     Gourm    .     g - +0 scale mail
rNeg   . . .     Faith    .     (no shield)
rPois  .         Spirit   .     c - +0 hat
rElec  .         Dismiss  .     (no cloak)
rCorr  .         Reflect  .     (no gloves)
SustAt .         Harm     .     (no boots)
MR     .....                    (no amulet)
Stlth  ..........               (no ring)
                                (no ring)

@: not resistant to hostile enchantments, extremely unstealthy
A: retaliatory headbutt, horns 2
a: no special abilities


You were on level 2 of the Dungeon.
You were not hungry.

You visited 1 branch of the dungeon, and saw 2 of its levels.

You collected 71 gold pieces.

Inventory:

Hand Weapons
 a - a +0 war axe (weapon)
Missiles
 d - 3 throwing nets (quivered)
Armour
 b - a +0 leather armour
 c - a +0 hat (worn)
 g - a +0 scale mail (worn)
 k - a +0 scale mail
 m - a +2 hat
 s - a +0 ring mail
Scrolls
 e - a scroll of amnesia {unknown}
 i - a scroll of enchant weapon {unknown}
 p - a scroll of fog {unknown}
 q - a scroll of teleportation {unknown}
 r - a scroll of enchant armour {unknown}
Potions
 h - 2 potions of berserk rage {unknown}
 l - a potion of cure mutation {unknown}
 n - 2 potions of might {unknown}
Comestibles
 f - 3 bread rations
 j - 8 chunks of flesh
 o - 2 meat rations


   Skills:
 + Level 2.9 Fighting
 + Level 4.2 Axes
 + Level 2.3 Throwing
 + Level 0.5 Armour
 + Level 4.0 Dodging


You had 2 spell levels left.
You didn't know any spells.

Dungeon Overview and Level Annotations

Branches:
Dungeon (2/15)

Altars:


Innate Abilities, Weirdness & Mutations

You reflexively headbutt those who attack you in melee.
You have a pair of horns on your head.


Message History

The gnoll shouts!
You are feeling hungry.
Eat one of 9 chunks of flesh? (ye/n/q/i?) This raw flesh tastes terrible.
You continue eating. x2
The gnoll hits you but does no damage.
The gnoll hits you from afar with a halberd!
The gnoll hits you with a spear.
You closely miss the gnoll.
The gnoll hits you from afar with a halberd.
The gnoll closely misses you. You furiously retaliate!
You headbutt the gnoll, but do no damage.
You closely miss the gnoll.
The gnoll hits you from afar with a halberd!
* * * LOW HITPOINT WARNING * * *
The gnoll hits you with a spear.
* * * LOW HITPOINT WARNING * * *
You closely miss the gnoll. The gnoll barely misses you.
The gnoll closely misses you. The gnoll hits you with a spear!
You die...

................. ...#
...........##..####..#
.#####.#..###..###...#
.## ##.#..# #..##....#
..###.....#
#....รท...#
..).......# #.###....#
..###....## #.#
##...####. ###
##.#.####.####........
#
#.#........@g........
#
#.###########g#######
# #.# [.# ..# .... ...
...8.. ### #.g8.8..
#g8)_.8.# ...8.8...


You could see 2 gnolls.

Vanquished Creatures
  A gnoll (D:1)
  A worm (D:2)
  A dart slug (D:1)
  A giant gecko (D:1)
  A ball python (D:1)
  A giant cockroach (D:1)
  3 goblins (D:1)
  5 hobgoblins
  A quokka (D:1)
  6 bats
  2 giant newts
  3 kobolds (D:1)
  5 rats
31 creatures vanquished.

Notes
Turn   | Place    | Note
--------------------------------------------------------------
     0 | D:1      | ithil the Minotaur Gladiator began the quest for the Orb.
     0 | D:1      | Reached XP level 1. HP: 18/18 MP: 0/0
   344 | D:1      | Reached XP level 2. HP: 25/25 MP: 1/1
  1092 | D:1      | Reached XP level 3. HP: 30/30 MP: 2/2
  1383 | D:2      | Found a faded altar to an unknown god.
  1395 | D:2      | Slain by a gnoll

Skill      XL: |  1  2  3 |
---------------+----------+-----
Axes           | 4 |  4.2
Dodging        | 4 |  4.0
Fighting       | |  2.9
Throwing       | |  2.3
Armour         | |  0.5

Action                   || total
-------------------------++-------
Melee: War axe           ||    65
       Headbutt          ||    17
  Eat: Chunk             ||     2
Armor: Scale mail        ||    37
Dodge: Dodged            ||    42
